 Dungeon Crawl Stone Soup version 0.23-a0-629-gae4348f (webtiles) character file.

161 Leeroy the Slasher (level 5, -8/39 HPs)
             Began as a Barachi Skald on Dec 25, 2018.
             Was an Initiate of Elyvilon.
             Splashed by a jelly's acid (10 damage)
             ... on level 3 of the Dungeon.
             The game lasted 00:06:50 (1688 turns).

Leeroy the Slasher (Barachi Skald)                  Turns: 1688, Time: 00:06:51

Health: -8/39      AC: -6    Str: 12    XL:     5   Next: 42%
Magic:  8/8        EV: 11    Int: 14    God:    Elyvilon [......]
Gold:   178        SH:  6    Dex: 12    Spells: 1/8 levels left

rFire    . . .     SeeInvis .   a - +0 falchion
rCold    . . .     Gourm    .   B - +2 buckler
rNeg     . . .     Faith    .   b - +0 leather armour
rPois    .         Spirit   .   A - +0 helmet
rElec    .         Reflect  .   t - +0 cloak
rCorr    .         Harm     .   (no gloves)
MR       .....                  (no boots)
Stlth    +.........             (no amulet)
HPRegen  0.13/turn              (no ring)
MPRegen  0.11/turn              (no ring)

@: corroded, slow
A: +LOS, swims, slowness 1, strong legs 1
a: Hop, Renounce Religion


You were on level 3 of the Dungeon.
You worshipped Elyvilon.
Elyvilon was noncommittal.
You were very hungry.

You visited 1 branch of the dungeon, and saw 3 of its levels.

You collected 178 gold pieces.

Inventory:

Hand Weapons
 a - a +0 falchion (weapon)
 g - a +0 dagger
 h - a +0 whip of flaming
 i - a +0 short sword
 j - a +0 hunting sling
 y - a +0 long sword
 D - a +0 mace
 E - a +0 dagger
Missiles
 c - 13 poisoned needles
 f - 129 stones (quivered)
 C - 7 needles of frenzy
Armour
 b - a +0 leather armour (worn)
 t - a +0 cloak (worn)
 u - a +0 ring mail
 w - a +0 buckler
 A - a +0 helmet (worn)
 B - a +2 buckler (worn)
Wands
 x - a wand of paralysis (8)
Scrolls
 k - a scroll of teleportation {unknown}
 l - a scroll of remove curse
 o - a scroll of fear {unknown}
 r - a scroll of identify {unknown}
 s - a scroll of fog {unknown}
 v - a scroll of blinking {unknown}
Potions
 e - a potion of brilliance {unknown}
 m - 2 potions of ambrosia
 n - a potion of degeneration {unknown}
 p - 2 potions of curing {unknown}
 q - a potion of might {unknown}
 z - a potion of heal wounds {unknown}
Comestibles
 d - 6 rations


   Skills:
 - Level 2.5 Fighting
 + Level 6.0 Long Blades
 - Level 1.2 Armour
 - Level 2.2 Dodging
 * Level 1.4 Shields
 - Level 2.2 Spellcasting
 - Level 3.4 Charms


You had one spell level left.
You knew the following spells:

 Your Spells              Type           Power        Failure   Level  Hunger
a - Infusion              Chrm           ##..         11%         1    #......
b - Regeneration          Chrm/Necr      #.........   52%         3    ###....
c - Spectral Weapon       Hex/Chrm       #.......     52%         3    ###....

Your spell library contained the following spells:

 Spells                   Type           Power        Failure   Level  Hunger
 Song of Slaying          Chrm           ##......     16%         2    ###....
 Shroud of Golubria       Chrm/Tloc      #.........   30%         2    ###....


Dungeon Overview and Level Annotations

Branches:
Dungeon (3/15)

Altars:
Elyvilon

Annotations:
D:2 Sigmund


Innate Abilities, Weirdness & Mutations

Shadows flee at your approach. (+LOS)
You can swim through water.
You cover ground slowly.
You can hop short distances.


Message History

* * * LOW HITPOINT WARNING * * *
Unknown command.
The jelly barely misses your spectral weapon.
Things that are here:
a +0 club; a kobold skeleton The jelly completely misses your spectral weapon.
There is an open door here.
The jelly barely misses you.
You riposte.
You hit the jelly but do no damage.
The jelly is lightly wounded.
You hit the jelly but do no damage. The acid corrodes you!
Your hands burn!
* * * LOW HITPOINT WARNING * * *
The jelly is lightly wounded.
Your spectral weapon hits the jelly!
Your spectral weapon is burned by acid!
Your spectral weapon shares its damage with you!
* * * LOW HITPOINT WARNING * * *
The jelly hits you.
* * * LOW HITPOINT WARNING * * *
You are splashed with acid!
The acid burns!
You die...

...................####.##.######
..........#####))'## #..#.#
...<......# ##...## ##.#.#
..........# ##.....## #.#.#
..........###.......# #...#
..........'##.......# ##..#
..........###.......# #..######
.........## #.......# #........
.........# #...@#### #........
.........# #...(J..## #.>......
.........# ########.# #........
.........# ##...JJ.## #........
########## ##'####### #........
#...JJP÷÷.# #........ #..J......#
#........ #.......P.# #........
#......÷.÷# #........


You could see a jelly and a friendly spectral +0 falchion.

Vanquished Creatures
  A jelly (D:3)
  A gnoll (D:1)
  An adder (D:3)
  5 oozes
  A worm (D:2)
  A dart slug (D:1)
  7 leopard geckos
  2 orcs (D:3)
  6 bats
  3 giant cockroaches
  8 goblins
  6 hobgoblins
  8 jackals
  2 quokkas
  2 ball pythons
  2 frilled lizards (D:1)
  12 kobolds
  8 rats
76 creatures vanquished.

Vanquished Creatures (others)
  7 fungi (D:3)
  8 toadstools (D:3)
15 creatures vanquished.

Grand Total: 91 creatures vanquished

Notes
Turn   | Place    | Note
-------+----------+-------------------------------------------
     0 | D:1      | Leeroy the Barachi Skald began the quest for the Orb.
     0 | D:1      | Reached XP level 1. HP: 17/17 MP: 3/3
    63 | D:1      | Reached XP level 2. HP: 14/23 MP: 5/5
    75 | D:1      | Reached skill level 3 in Long Blades
   272 | D:1      | Reached XP level 3. HP: 19/28 MP: 6/6
   306 | D:1      | Reached skill level 4 in Long Blades
   727 | D:2      | Reached XP level 4. HP: 33/34 MP: 7/7
   732 | D:2      | Learned a level 3 spell: Regeneration
   736 | D:2      | Learned a level 3 spell: Spectral Weapon
   771 | D:2      | Noticed Sigmund
   794 | D:3      | HP: 1/34 [adder (5)]
   804 | D:3      | Reached skill level 5 in Long Blades
   865 | D:3      | Reached skill level 1 in Shields
  1198 | D:3      | Found a white marble altar of Elyvilon.
  1325 | D:3      | Reached XP level 5. HP: 33/39 MP: 8/8
  1617 | D:3      | Became a worshipper of Elyvilon the Healer
  1662 | D:3      | Reached skill level 6 in Long Blades
  1688 | D:3      | Splashed by a jelly's acid

Vault maps used:
D:1:      minmay_arrival_wavy_path
D:2:      first_ration, minmay_quantized, uniq_sigmund
D:3:      cheibrodos_fertilizer, overflow_temple_1_default

Skill      XL: |  1  2  3  4  5 |
---------------+----------------+-----
Long Blades    | 3 4 5 6 |  6.0
Shields        | 1 |  1.4
Fighting       | |  2.5
Armour         | |  1.2
Dodging        | |  2.2
Spellcasting   | |  2.2
Charms         | |  3.4

Action                   |  1- 3 |  4- 6 || total
-------------------------+-------+-------++-------
Melee: Falchion          |   116 |   128 ||   244
Throw: Stone             |     2 |     1 ||     3
 Cast: Infusion          |     2 |     2 ||     4
       Spectral Weapon   |       |     3 ||     3
 Abil: Hop               |     1 |     1 ||     2
  Use: Scroll            |       |     3 ||     3
       Potion            |       |     1 ||     1
  Eat: Chunk             |       |     3 ||     3
Armor: Leather armour    |    37 |    56 ||    93
Dodge: Dodged            |   108 |   132 ||   240
Block: Buckler           |       |    17 ||    17
       Rpst.: Falchion   |    32 |    44 ||    76

Table legend:
 A = Non-vault XP
 B = Vault XP
 C = Vault XP percentage of total XP
 D = Non-vault monster count
 E = Vault monster count
 F = Vault count percentage of total count
                 A         B        C        D         E       F
            +---------+---------+-------+---------+---------+-------
      Total |     150 |      80 |  34.8 |      64 |      12 |  15.8
            +---------+---------+-------+---------+---------+-------
        D:1 |      66 |       0 |   0.0 |      28 |       0 |   0.0
        D:2 |      22 |       0 |   0.0 |      10 |       0 |   0.0
        D:3 |      62 |      80 |  56.3 |      26 |      12 |  31.6
            +---------+---------+-------+---------+---------+-------
